 Dungeon Crawl Stone Soup version 0.26.1-2-gb8aa6d0cf2 (webtiles) character file.

Game seed: 13076460902818850440

6932 vatarom the Destroyer (level 10, -4/94 HPs)
             Began as a Yellow Draconian Conjurer on Feb 18, 2021.
             Was a Priest of Vehumet.
             Slain by a spectral weapon
             ... wielding a +0 spectral quarterstaff
             ... summoned by Joseph
              (9 damage)
             ... on level 8 of the Dungeon.
             The game lasted 00:19:55 (15340 turns).

vatarom the Destroyer (Yellow Draconian Conjurer)  Turns: 15340, Time: 00:19:56

Health: -4/94      AC: 10    Str: 10    XL:     10   Next: 80%
Magic:  11/19      EV: 12    Int: 22    God:    Vehumet [***...]
Gold:   443        SH:  0    Dex:  9    Spells: 1/21 levels left

rFire    . . .     SeeInvis +   q - +2 whip (flame)
rCold    . . .     Faith    +   (no shield)
rNeg     . . .     Spirit   .   (armour unavailable)
rPois    .         Reflect  .   (helmet restricted)
rElec    .         Harm     .   o - +2 cloak
rCorr    +         Rampage  .   (no gloves)
Will     .....                  (no boots)
Stlth    ++........             j - amulet of faith
HPRegen  0.25/turn              i - ring of see invisible
MPRegen  0.16/turn              r - ring of resist corrosion

@: short of breath, hasted, very quick
A: spit acid, unfitting armour, cold-blooded, acid resistance, AC +7
a: Breathe Acid, Renounce Religion


You were on level 8 of the Dungeon.
You worshipped Vehumet.
Vehumet was most pleased with you.
You visited 2 branches of the dungeon, and saw 9 of its levels.

You collected 443 gold pieces.

Inventory:

Hand Weapons
 l - a +0 scythe
 q - a +2 whip of flaming (weapon)
Missiles
 d - 231 stones
Armour
 o - a +2 cloak (worn)
Jewellery
 f - an uncursed ring of fire
 i - a ring of see invisible (left hand)
 j - an amulet of faith (around neck)
 r - a ring of resist corrosion (right hand)
Wands
 c - a wand of flame (22)
 k - a wand of acid (22) {@v2}
 p - a wand of disintegration (34)
 s - a wand of iceblast (6) {@v4}
Scrolls
 a - 6 scrolls of teleportation {@r3}
 b - 5 scrolls of identify {@r1}
 e - 7 scrolls of remove curse {@r2}
 g - a scroll of blinking {unknown}
 h - a scroll of immolation
 m - a scroll of enchant weapon {unknown}
 n - 3 scrolls of fog
 u - 2 scrolls of amnesia {unknown}
 y - 2 scrolls of fear {unknown}
Potions
 t - 3 potions of curing {@q1}
 v - a potion of mutation {unknown}
 x - 2 potions of lignification
 z - a potion of degeneration {unknown}


   Skills:
 * Level 10.8 Fighting
 - Level 1.7 Dodging
 - Level 1.7 Stealth
 - Level 6.2 Spellcasting
 + Level 12.0 Conjurations


You had one spell level left.
You knew the following spells:

 Your Spells              Type           Power        Failure   Level
a - Magic Dart            Conj           100%         1%          1
b - Searing Ray           Conj           100%         1%          2
c - Dazzling Flash        Conj/Hex       66%          1%          3
d - Fulminant Prism       Conj/Hex       16%          2%          4
e - Ignite Poison         Fire/Tmut/Pois 6%           7%          3
f - Mephitic Cloud        Conj/Pois/Air  24%          1%          3
q - Iskenderun's Mystic   Conj/Tloc      33%          2%          4

Your spell library contained the following spells:

 Spells                   Type           Power        Failure   Level
 Animate Skeleton         Necr           12%          9%          1
 Apportation              Tloc           12%          9%          1
 Corona                   Hex            6%           9%          1
 Summon Small Mammal      Summ           24%          9%          1
 Call Imp                 Summ           6%           14%         2
 Call Canine Familiar     Summ           6%           26%         3
 Summon Guardian Golem    Hex/Summ       6%           26%         3
 Summon Ice Beast         Ice/Summ       6%           65%         4
 Summon Lightning Spire   Summ/Air       6%           65%         4


Dungeon Overview and Level Annotations

Branches:
Dungeon (8/15)             Temple (1/1) D:7
   Lair: D:8-11

Altars:
Ashenzari
Cheibriados
Dithmenos
Elyvilon
Fedhas
Gozag
Hepliaklqana
Kikubaaqudgha
Makhleb
Nemelex Xobeh
Okawaru
Qazlal
Ru
Sif Muna
Trog
Uskayaw
Vehumet
Wu Jian
Xom
Yredelemnul
Zin
The Shining One

Shops:
D:6 =   D:7 ?

Annotations:
D:4 4 runed translucent doors, Crazy Yiuf; askman's ghost, amateur DsFi
D:8 Joseph


Innate Abilities, Weirdness & Mutations

You can spit globs of acid.
Your golden yellow scales are hard. (AC +7)
You cannot fit into any form of body armour.
You are cold-blooded and may be slowed by cold attacks.
You are resistant to acid. (rCorr)


Message History

Joseph is moderately wounded. (Press . to maintain the ray.) Joseph hits you with a +0 spectral quarterstaff!!
* * * LOW HITPOINT WARNING * * *
The spectral weapon hits you.
* * * LOW HITPOINT WARNING * * *
The searing ray hits Joseph!
Joseph is heavily wounded.
Press: ? - help, Shift-Dir - straight line, f/p - Joseph
Aim: Joseph, wielding a +0 spectral quarterstaff, wearing a +0 ring mail and quivering 22 sling bullets (heavily wounded)
You spit a glob of acid.
The glob of acid hits Joseph!
Joseph is splashed with acid.
Joseph is severely wounded.
The acid splashes onto the spectral weapon!
The spectral weapon is splashed with acid.
Joseph shares his spectral weapon's damage!
Joseph hits you with a +0 spectral quarterstaff!
* * * LOW HITPOINT WARNING * * *
The spectral weapon hits you!
You die...

#...###. ###
###....#.. #..
##......... ##..####
#.......#.. #......##
##.###.##..
#.......#####..##.....
#.....#..#.##...##...
#.@(##.....###.####.
#.@#.......#...# ##
##.......>.#....# #
##((.....#..#....####
#..)..##.#....#......
##(.((#..#....#......
##.(.#..##..........
##...#...##.##.......
##..#.(##....####.....
#.......#.....##......


You could see Joseph and a +0 spectral quarterstaff (summoned).

Vanquished Creatures
  A catoblepas (D:8)
  Erica (D:8)
  Pikel (D:6)
  A rime drake (shapeshifter) (D:8)
  Grinder (D:6)
  Prince Ribbit (D:5)
  Sigmund (D:3)
  A wyvern (D:7)
  A shadow (D:8)
  Grum (D:7)
  Edmund (D:6)
  Duvessa (D:3)
  3 orc warriors
  2 ice beasts
  2 phantoms
  4 wolves
  5 centaurs
  4 ogres
  A lemure (D:6)
  A big kobold (D:8)
  A gnoll sergeant (D:7)
  2 bullfrogs (D:7)
  2 scorpions (D:7)
  Dowan (D:4)
  A centaur zombie (D:3)
  3 jellies
  2 centaur skeletons
  6 orc priests
  4 hounds
  A gnoll shaman (D:8)
  2 iguanas
  Terence (D:3)
  13 orc wizards
  10 worker ants
  A killer bee zombie (D:5)
  2 hound zombies
  A hound skeleton (D:5)
  A howler monkey zombie (D:8)
  A worker ant zombie (D:6)
  7 gnolls
  13 adders
  2 shadow imps
  2 white imps
  3 ufetubi
  An ooze (D:2)
  An adder skeleton (D:2)
  An adder zombie (D:5)
  2 worms
  A dart slug (D:2)
  6 leopard geckos
  37 orcs
  A ball python (D:2)
  5 giant cockroaches
  8 goblins
  6 hobgoblins
  14 jackals
  16 kobolds
  2 quokkas (D:4)
  8 bats
  4 frilled lizards
  A giant cockroach zombie (D:5)
  A jackal zombie (D:8)
  6 rats
237 creatures vanquished.

Vanquished Creatures (others)
  An orc (D:4)
  A jackal (D:5)
  4 fulminant prisms (D:4)
6 creatures vanquished.

Grand Total: 243 creatures vanquished

Notes
Turn   | Place    | Note
-------+----------+-------------------------------------------
     0 | D:1      | vatarom the Draconian Conjurer began the quest for the Orb.
     0 | D:1      | Reached XP level 1. HP: 14/14 MP: 3/3
   118 | D:1      | Reached XP level 2. HP: 15/20 MP: 1/5
   520 | D:1      | Reached XP level 3. HP: 4/26 MP: 1/6
  1332 | D:1      | Reached skill level 5 in Conjurations
  1509 | D:2      | Reached XP level 4. HP: 33/33 MP: 4/8
  1834 | D:2      | Found a stormy altar of Qazlal.
  1836 | D:2      | Found a bloodstained altar of Trog.
  2496 | D:2      | Reached XP level 5. HP: 24/38 MP: 4/9
  3127 | D:3      | Noticed Terence
  3133 | D:3      | Learned a level 2 spell: Searing Ray
  3137 | D:3      | Learned a level 3 spell: Dazzling Flash
  3142 | D:3      | Learned a level 4 spell: Fulminant Prism
  3149 | D:3      | Killed Terence
  3150 | D:3      | Reached skill level 6 in Conjurations
  3584 | D:3      | Found a snail-covered altar of Cheibriados.
  3738 | D:3      | Found a broken altar of Ashenzari.
  3738 | D:3      | Noticed Sigmund
  3781 | D:3      | Killed Sigmund
  3782 | D:3      | Reached XP level 6. HP: 45/45 MP: 4/12
  3918 | D:4      | Found a glowing silver altar of Zin.
  3918 | D:4      | Found a radiant altar of Vehumet.
  4113 | D:4      | Reached skill level 7 in Conjurations
  4452 | D:4      | Your scales start taking on a golden yellow colour.
  4452 | D:4      | Reached XP level 7. HP: 28/50 MP: 5/13
  4452 | D:4      | Gained mutation: You are resistant to acid. (rCorr) [Yellow
                  | Draconian growth]
  4615 | D:4      | Found a blossoming altar of Fedhas.
  4616 | D:4      | Became a worshipper of Vehumet
  5489 | D:4      | Noticed Dowan
  5490 | D:4      | Noticed Duvessa
  5622 | D:3      | Learned a level 4 spell: Iskenderun's Mystic Blast
  5786 | D:4      | Found a runed translucent gate.
  5786 | D:4      | Found a runed translucent gate.
  5786 | D:4      | Found a runed translucent gate.
  5786 | D:4      | Noticed askman's ghost (amateur DsFi)
  5839 | D:4      | Reached skill level 8 in Conjurations
  6204 | D:4      | Killed Dowan
  6376 | D:3      | Killed Duvessa
  6377 | D:3      | Reached skill level 5 in Spellcasting
  6511 | D:4      | Found a runed translucent door.
  6512 | D:4      | Noticed Crazy Yiuf
  6660 | D:4      | Found an ancient bone altar of Kikubaaqudgha.
  6922 | D:5      | Entered Level 5 of the Dungeon
  6961 | D:5      | Reached XP level 8. HP: 26/57 MP: 5/15
  7152 | D:5      | Noticed Prince Ribbit
  7951 | D:5      | Reached skill level 9 in Conjurations
  7951 | D:5      | Reached * piety under Vehumet
  7951 | D:5      | Offered knowledge of Shock by Vehumet.
  8008 | D:5      | Found a shadowy altar of Dithmenos.
  8982 | D:5      | Killed Prince Ribbit
  8983 | D:5      | Reached skill level 10 in Conjurations
  9392 | D:5      | Reached skill level 1 in Fighting
  9766 | D:6      | Noticed Pikel
 10070 | D:6      | Killed Pikel
 10071 | D:6      | Reached XP level 9. HP: 57/71 MP: 6/18
 10345 | D:6      | Found Wighaprana's Jewellery Shoppe.
 10656 | D:6      | Reached ** piety under Vehumet
 10656 | D:6      | Offered knowledge of Sandblast by Vehumet.
 10901 | D:6      | Reached skill level 5 in Fighting
 10904 | D:6      | Noticed Edmund
 10914 | D:6      | Killed Edmund
 11115 | D:6      | Noticed Grinder
 11120 | D:6      | Killed Grinder
 11804 | D:7      | Found Waehaxki's Magic Scroll Boutique.
 11822 | D:7      | Reached skill level 11 in Conjurations
 11932 | D:7      | Found a staircase to the Ecumenical Temple.
 11986 | Temple   | Entered the Ecumenical Temple
 12095 | D:7      | Offered knowledge of Ignite Poison by Vehumet.
 12109 | D:7      | Learned a level 3 spell: Ignite Poison
 12622 | D:8      | Reached *** piety under Vehumet
 12637 | D:7      | Reached XP level 10. HP: 68/88 MP: 2/19
 13108 | D:7      | Offered knowledge of Mephitic Cloud by Vehumet.
 13301 | D:8      | Noticed a catoblepas
 13418 | D:8      | Noticed Grum
 13429 | D:7      | Killed Grum
 14187 | D:8      | HP: 3/91 [catoblepas (15)]
 14189 | D:8      | Killed a catoblepas
 14731 | D:8      | Learned a level 3 spell: Mephitic Cloud
 14735 | D:8      | Reached skill level 10 in Fighting
 14737 | D:8      | Noticed Erica
 14745 | D:8      | Killed Erica
 14878 | D:8      | Reached skill level 12 in Conjurations
 15319 | D:8      | Noticed Joseph
 15320 | D:8      | Paralysed by Joseph for 6 turns
 15340 | D:8      | Slain by a spectral weapon

Illustrated notes

Levels and vault maps discovered:
D:1:      minmay_arrival_radiant_lines, layout_rooms
D:2:      layout_loops_ring, minitemple, minmay_bisected
D:3:      layout_basic, marbit_many_paths, nicolae_overflow_crystal_walls,
          portal_sewer_entry_f, uniq_sigmund, uniq_terence
D:4:      layout_rooms, lemuel_coloured_pillars_altar, lemuel_crystal_altar,
          grunt_temple_overflow_open, serial_glass, glass_columns_a,
          glass_columns_a, ebering_ghost_rock_garden, uniq_crazy_yiuf_cottage,
          uniq_duvessa
D:5:      kennysheep_big_flooded_room, layout_basic, st_stairs_14,
          nicolae_dithmenos_shadow_blocks, uniq_prince_ribbit1
D:6:      layout_gridville, serial_shops, shop, uniq_grinder, uniq_edmund,
          uniq_pikel
D:7:      layout_cave_pools, minmay_temple_entry_mist, serial_shops,
          nicolae_shop_temple_entry_statues_fountains, serial_co_window_serial,
          co_window_paths_a, co_window_paths_b, co_window_paths_b,
          co_window_paths_a, co_window_paths_a, co_window_corner_b,
          co_window_2corner, co_window_corner_cb, co_window_paths_e,
          co_window_paths_d, glass_columns_c
D:8:      minmay_bloctagon_deflated, layout_cave_pools, uniq_grum, uniq_joseph,
          uniq_erica
Temple:   jpeg_temple_clearing

Skill      XL: |  1  2  3  4  5  6  7  8  9 10 |
---------------+-------------------------------+-----
Conjurations   | 5 6 7 8 10 11 12 | 12.0
Spellcasting   | 3 4 5 6 |  6.2
Fighting       | 4 7 10 | 10.8
Dodging        | |  1.7
Stealth        | |  1.7

Action                   |  1- 3 |  4- 6 |  7- 9 | 10-12 || total
-------------------------+-------+-------+-------+-------++-------
Melee: Unarmed           |    15 |       |       |       ||    15
       Dagger            |    76 |    18 |       |       ||    94
       Tailslap          |     7 |     2 |    18 |     4 ||    31
       Scythe            |       |    17 |   218 |       ||   235
       Whip              |       |       |   157 |    47 ||   204
 Cast: Magic Dart        |    53 |    94 |    37 |    21 ||   205
       Searing Ray       |       |     8 |    24 |     7 ||    39
       Dazzling Flash    |       |     1 |     1 |       ||     2
       Iskenderun's Myst |       |       |    33 |    28 ||    61
       Fulminant Prism   |       |       |     4 |       ||     4
       Mephitic Cloud    |       |       |       |     3 ||     3
       Ignite Poison     |       |       |       |     2 ||     2
 Abil: Breathe Acid      |       |       |     4 |     1 ||     5
  Use: Potion            |     2 |     2 |     4 |     2 ||    10
       Scroll            |       |     6 |       |       ||     6
 Stab: Sleeping          |     2 |     1 |     1 |     1 ||     5
       Distracted        |       |       |     1 |       ||     1
Armor: Skin              |    26 |    34 |   284 |    39 ||   383
Dodge: Dodged            |    78 |    50 |   496 |    67 ||   691
